 Dungeon Crawl Stone Soup version 0.30-a0-377-g5cb311bc9f (webtiles) character file.

Game seed: 12356327291965376918

559804 Aqq the Conqueror (level 25, -34/257 HPs)
             Began as a Minotaur Fighter on Nov 26, 2022.
             Was a Believer of Uskayaw.
             Killed from afar by an orb of fire (55 damage)
             ... with a fireball
             ... on level 5 of the Realm of Zot on Nov 29, 2022.
             The game lasted 06:08:23 (54177 turns).

Aqq the Conqueror (Minotaur Fighter)               Turns: 54177, Time: 06:08:24

Health: -34/257    AC: 45    Str: 37    XL:     25   Next: 31%
Magic:  34/34      EV: 15    Int:  5    God:    Uskayaw [**....]
Gold:   7222       SH:  5    Dex: 20    Spells: 24/24 levels left

rFire   . . .      SeeInvis .    V - +9 battleaxe (drain)
rCold   + + +      Faith    .    (shield currently unavailable)
rNeg    + . .      Spirit   .    S - +5 crystal plate armour "Lozale" {-Cast rPois Dex+7 Stlth+}
rPois   +          Reflect  +    H - +1 hat of Conscience {+Blink Will+++ Regen+ Int-4}
rElec   +          Harm     .    u - scarf {rC+ rF+}
rCorr   .          Rampage  .    f - +2 pair of gloves "Jubeech" {*Slow rF+ Stlth+}
Will    ++++.      NoCast   +    D - +2 pair of boots of Fashionability {rElec rPois rF- Str+5}
Stlth   ..........               R - amulet of reflection
HPRegen 0.00/turn                x - ring "Qowouprust" {Contam rPois rC+ Str+4 Slay+4}
MPRegen 0.24/turn                B - ring of Wishful Thinking {rC+ rN+ Int+4}

@: inhibited regen, studying 2 skills, unable to drink
A: horns 2, retaliatory headbutt, deterioration 1, dopey 1, inhibited
regeneration, heat vulnerability 1, inability to drink after injury 1
}: 3/15 runes: decaying, silver, gossamer
a: Renounce Religion, Evoke Blink, Stomp, Line Pass


You were on level 5 of the Realm of Zot.
You worshipped Uskayaw.
Uskayaw was most pleased with you.
You visited 10 branches of the dungeon, and saw 48 of its levels.
You also visited: Ice Cave and Volcano.

You collected 7513 gold pieces.
You spent 291 gold pieces at shops.

Inventory:

Hand Weapons
 J - the +9 heavy crossbow "Sniper" {vorpal, Acc+∞ SInv}
   (You found it on level 3 of the Elven Halls)

   Any ammunition fired from it inflicts extra damage upon your enemies.
   Any ammunition fired from it never misses its target.
   SInv:      It lets you see invisible.
 M - the +10 war axe of Immorality {flame, Str+9}
   (You found it on level 5 of the Lair of Beasts)

   It burns those it strikes, dealing additional fire damage.
   Big, fiery blades are also staple armaments of hydra-hunters.
   Str:       It affects your strength (+9).
 N - the +10 eveningstar "Zijikosa" {vorpal, Fly Stlth+}
   (You found it on level 5 of the Vaults)

   It inflicts extra damage upon your enemies.
   Fly:       It grants you flight.
   Stlth:     It makes you more stealthy.
 O - the +9 broad axe "Spiderbane" {vorpal, *Corrode rPois rF++ Stlth+}
   (You took it off a deep elf sorcerer on level 3 of the Elven Halls)

   It inflicts extra damage upon your enemies.
   rF:        It greatly protects you from fire.
   rPois:     It protects you from poison.
   *Corrode:  It may corrode you when you take damage.
   Stlth:     It makes you more stealthy.
 V - a +9 battleaxe of draining (weapon)
Missiles
 a - 15 javelins (quivered)
 l - a throwing net
 r - 4 boomerangs of dispersal
Armour
 d - +9 gold dragon scales
 e - a +5 kite shield of protection
 f - the +2 pair of gloves "Jubeech" (worn) {*Slow rF+ Stlth+}
   (You found it on level 4 of the Spider Nest)

   rF:        It protects you from fire.
   *Slow:     It may slow you when you take damage.
   Stlth:     It makes you more stealthy.
 u - a scarf of resistance (worn)
 D - the +2 pair of boots of Fashionability (worn) {rElec rPois rF- Str+5}
   (You acquired it on level 2 of the Spider Nest)

   Str:       It affects your strength (+5).
   rF:        It makes you vulnerable to fire.
   rElec:     It insulates you from electricity.
   rPois:     It protects you from poison.
 H - the +1 hat of Conscience (worn) {+Blink Will+++ Regen+ Int-4}
   (You found it on level 2 of the Orcish Mines)

   Int:       It affects your intelligence (-4).
   +Blink:    It lets you blink.
   Regen:     It increases your rate of health regeneration.
   Will:      It greatly increases your willpower.
 S - the +5 crystal plate armour "Lozale" (worn) {-Cast rPois Dex+7 Stlth+}
   (You found it on level 5 of the Vaults)

   Dex:       It affects your dexterity (+7).
   rPois:     It protects you from poison.
   -Cast:     It prevents spellcasting.
   Stlth:     It makes you more stealthy.
 U - the +3 pair of mountain boots {steadfast, rC+}
   (You found it on level 5 of the Lair of Beasts)

   It prevents involuntary movement, except for blinking, teleportation, or
   banishment.
   rC:        It protects you from cold.
Jewellery
 o - a ring of wizardry
 s - a ring of resist corrosion
 v - a ring of see invisible
 w - the ring "Nuveharan" {MP+9 Int+3 Dex-4}
   (You took it off a vault guard on level 4 of the Vaults)

   [ring of magical power]

   Int:       It affects your intelligence (+3).
   Dex:       It affects your dexterity (-4).
   MP:        It affects your magic capacity (+9).
 x - the ring "Qowouprust" (left hand) {Contam rPois rC+ Str+4 Slay+4}
   (You found it on level 5 of the Vaults)

   [ring of slaying]

   Str:       It affects your strength (+4).
   Slay:      It affects your accuracy & damage with ranged weapons and melee
   (+4).
   rC:        It protects you from cold.
   rPois:     It protects you from poison.
   Contam:    It causes magical contamination when unequipped.
 B - the ring of Wishful Thinking (right hand) {rC+ rN+ Int+4}
   (You took it off a deep elf blademaster on level 3 of the Elven Halls)

   [ring of positive energy]

   Int:       It affects your intelligence (+4).
   rC:        It protects you from cold.
   rN:        It protects you from negative energy.
 R - an amulet of reflection (around neck)
Wands
 h - a wand of polymorph (12)
 E - a wand of paralysis (14)
 F - a wand of acid (23)
 K - a wand of roots (58)
 W - a wand of digging (33)
Scrolls
 c - a scroll of poison
 g - 2 scrolls of silence
 t - 22 scrolls of teleportation
 C - 4 scrolls of magic mapping
 G - 3 scrolls of summoning
 P - 8 scrolls of blinking
 T - 11 scrolls of butterflies
 X - 6 scrolls of fear
Potions
 b - 7 potions of magic
 i - 12 potions of heal wounds
 j - 12 potions of haste
 k - 15 potions of mutation
 m - 8 potions of flight
 p - 12 potions of ambrosia
 q - 4 potions of resistance
 y - 3 potions of might
 z - 28 potions of curing
 A - 10 potions of lignification
 L - 6 potions of invisibility
 Q - 3 potions of berserk rage
 Z - 2 potions of cancellation
Miscellaneous
 n - a phantom mirror
 I - a phial of floods
 Y - a condenser vane


   Skills:
 O Level 27 Fighting
 + Level 0.7(0.8) Short Blades
 + Level 0.2(0.6) Long Blades
 + Level 26.6(27) Axes
 - Level 18.0(24.3) Maces & Flails
 - Level 15.8(22.9) Polearms
 * Level 10.8 Ranged Weapons
 + Level 0.2 Throwing
 O Level 27 Armour
 - Level 11.6 Dodging
 - Level 9.0 Shields
 + Level 0.1 Spellcasting
 + Level 0.2 Conjurations
 + Level 0.1 Hexes
 + Level 0.1 Summonings
 + Level 0.1 Necromancy
 + Level 0.1 Translocations
 + Level 0.3 Transmutations
 + Level 0.1 Earth Magic
 + Level 0.3 Poison Magic
 - Level 16.0 Invocations
 - Level 10.0 Evocations


You had 24 spell levels left.
You didn't know any spells.
Your spell library contained the following spells:

 Spells                   Type           Power      Damage    Failure   Level
 Magic Dart               Conj           0%         1d3       88%         1
 Sting                    Tmut/Pois      0%         1d3       88%         1
 Necrotise                Necr           0%         1d4       89%         1
 Sandblast                Erth           0%         2d4       89%         1
 Foxfire                  Conj/Fire      0%         2x1d4     90%         1
 Summon Small Mammal      Summ           0%         N/A       90%         1
 Cigotuvi's Dreadful Rot  Necr/Pois/Air  0%         N/A       96%         2
 Momentum Strike          Conj/Tloc      0%         3d8       96%         2
 Passwall                 Tmut/Erth      0%         N/A       96%         2
 Poisonous Vapours        Pois/Air       0%         N/A       96%         2
 Searing Ray              Conj           0%         2d4       96%         2
 Blink                    Tloc           0%         N/A       97%         2
 Call Imp                 Summ           0%         N/A       97%         2
 Call Canine Familiar     Summ           0%         N/A       99%         3
 Dazzling Flash           Conj/Hex       0%         N/A       99%         3
 Gell's Gravitas          Tloc           0%         N/A       99%         3
 Ignite Poison            Fire/Tmut/Pois 0%         N/A       99%         3
 Kindle Blastsparks       Fire/Tloc/Air  0%         2d10      99%         3
 Lesser Beckoning         Tloc           0%         N/A       99%         3
 Mephitic Cloud           Conj/Pois/Air  0%         N/A       99%         3
 Ozocubu's Armour         Ice            0%         N/A       99%         3
 Portal Projectile        Hex/Tloc       0%         N/A       99%         3
 Summon Guardian Golem    Hex/Summ       0%         N/A       99%         3
 Teleport Other           Tloc           0%         N/A       99%         3
 Tukima's Dance           Hex            0%         N/A       99%         3
 Vampiric Draining        Necr           0%         2d6       99%         3
 Anguish                  Hex/Necr       0%         N/A       100%        4
 Dispel Undead            Necr           0%         3d6       100%        4
 Fulminant Prism          Conj/Hex       0%         3d5       100%        4
 Iskenderun's Mystic Bla  Conj/Tloc      0%         2d3       100%        4
 Leda's Liquefaction      Hex/Erth       0%         N/A       100%        4
 Manifold Assault         Tloc           0%         N/A       100%        4
 Olgreb's Toxic Radiance  Pois           0%         N/A       100%        4
 Passage of Golubria      Tloc           0%         N/A       100%        4
 Petrify                  Tmut/Erth      0%         N/A       100%        4
 Summon Lightning Spire   Summ/Air       0%         N/A       100%        4
 Agony                    Necr           0%         N/A       100%        5
 Alistair's Intoxication  Tmut/Pois      0%         N/A       100%        5
 Borgnjor's Vile Clutch   Necr/Erth      0%         N/A       100%        5
 Fireball                 Conj/Fire      0%         3d3       100%        5
 Freezing Cloud           Conj/Ice/Air   0%         6-21      100%        5
 Lee's Rapid Deconstruct  Erth           0%         3d4*      100%        5
 Metabolic Englaciation   Hex/Ice        0%         N/A       100%        5
 Silence                  Hex/Air        0%         N/A       100%        5
 Yara's Violent Unravell  Hex/Tmut       0%         3d3       100%        5
 Death Channel            Necr           0%         N/A       100%        6
 Eringya's Noxious Bog    Tmut/Pois      0%         N/A       100%        6
 Simulacrum               Ice/Necr       0%         N/A       100%        6
 Starburst                Conj/Fire      0%         6d3       100%        6
 Statue Form              Tmut/Erth      0%         N/A       100%        6
 Enfeeble                 Hex            0%         N/A       100%        7
 Orb of Destruction       Conj           0%         9d5       100%        7
 Ozocubu's Refrigeration  Ice            0%         4d7       100%        7
 Spellforged Servitor     Conj/Summ      0%         N/A       100%        7
 Storm Form               Tmut/Air       0%         N/A       100%        7
 Summon Hydra             Summ           0%         N/A       100%        7
 Borgnjor's Revivificati  Necr           0%         N/A       100%        8
 Disjunction              Tloc           0%         N/A       100%        8
 Lehudib's Crystal Spear  Conj/Erth      0%         10d2      100%        8
 Maxwell's Capacitive Co  Air            0%         ∞         100%        8
 Necromutation            Tmut/Necr      0%         N/A       100%        8
 Death's Door             Necr           0%         N/A       100%        9
 Polar Vortex             Ice            0%         N/A       100%        9
 Shatter                  Erth           0%         3d5*      100%        9


Dungeon Overview and Level Annotations

Branches:
Dungeon (15/15)            Temple (1/1) D:4            Lair (5/5) D:11
  Swamp (4/4) Lair:3       Spider (4/4) Lair:2        Slime (0/5) Lair:5
    Orc (2/2) D:10            Elf (3/3) Orc:2        Vaults (5/5) D:14
  Crypt (0/3) Vaults:3     Depths (4/4) D:15            Zot (5/5) Depths:4
  IceCv (visited)         Volcano (visited)

Altars:
Ashenzari
Cheibriados
Dithmenos
Elyvilon
Fedhas
Gozag
Hepliaklqana
Kikubaaqudgha
Makhleb
Nemelex Xobeh
Okawaru
Qazlal
Ru
Sif Muna
Trog
Uskayaw
Vehumet
Wu Jian
Xom
Yredelemnul
Zin
The Shining One
Jiyva
Lugonu

Shops:
D:2 (   D:3 !   D:5 [   Orc:2 [:*(   Elf:2 [   Vaults:2 (

Portals:
Hell: Depths:1 Depths:2 Depths:3 Depths:4
Abyss: Vaults:2 Depths:1 Depths:3
Pandemonium: Depths:2
Ziggurat: Depths:4
Trove: Vaults:1 (give 2 scrolls of acquirement)

Annotations:
Vaults:2 2 transporters, Wenn's ghost, veteran SpEn
Depths:4 2 transporters, borntocrawl's ghost, veteran DgNe


Innate Abilities, Weirdness & Mutations

You have a pair of horns on your head.
You reflexively headbutt those who attack you in melee.
Your body sometimes deteriorates upon taking damage.
You are dopey. (Int -2)
You do not regenerate when monsters are visible.
You are vulnerable to heat. (rF-)
You occasionally lose the ability to drink potions when taking damage.


Message History

You rip the net and break free!
The orb of fire glows yellow.
Strange energies course through your body.
You feel yourself wasting away.
You sense an unholy aura.
V - a +9 battleaxe of draining (weapon)
The orb of fire glows red.
Strange energies course through your body.
You occasionally lose the ability to drink potions when taking damage.
The orb of fire fails to trigger a net trap.
The orb of fire glows red.
The bolt of fire hits you!!!
You slice the orb of fire!! Your headbutt misses the orb of fire.
The orb of fire is lightly damaged.
You closely miss the orb of fire. Your headbutt misses the orb of fire.
The orb of fire is lightly damaged.
The orb of fire glows deep purple.
The fireball explodes!
The fireball engulfs you!!!!
* * * LOW HITPOINT WARNING * * *
The fireball engulfs the orb of fire.
The orb of fire completely resists.
You miss the orb of fire. You headbutt the orb of fire!
The orb of fire is lightly damaged.
You slice the orb of fire!!
You headbutt the orb of fire, but do no damage.
The orb of fire is moderately damaged.
You can now pass through a line of other dancers.
You slice the orb of fire!! Your headbutt misses the orb of fire.
The orb of fire is heavily damaged.
The orb of fire glows deep purple.
The fireball explodes!
The fireball engulfs you!!!
You feel threatened and lose the ability to drink potions!
* * * LOW HITPOINT WARNING * * *
The fireball engulfs the orb of fire.
The orb of fire completely resists.
Unknown command.
Unknown command.
You cut the orb of fire into ribbons!!!
The orb of fire is almost destroyed.
The orb of fire glows bright magenta.
The fireball explodes!
The fireball engulfs you!!!
You die...

.........^..^# **,,,,,,,,,,,,,,,
#...........## #...........,,,,,
#...........# #....^......^,,,,
#...........## #.....^.....,,,,,
.............# #.....=.....,,,,,
.............## #.....^.....,,,,,
..............###...........,,,,,
.###########...###^^......).,,,,,
## ##...@##.........,,,^, #
###..*..........,,,,,
#▓▓▓▓▓▓▓▓▓▓▓##,,,,,
****,,,,^,,,,,,,,,
***,,,,,,,,,,,,,,,,, *
**,,^,,,,,,,,,,,,,,,, * *********
*,,,,,,,,,,,,,,,,,,,,
***,^,,,^,***,^,,,,,,,,,,,,,,,,,,
**,,,,,,,,^**,,,,,,,,,,,,,,,,,,,,


You could see an orb of fire.

Vanquished Creatures
  A dread lich (Zot:5)
  4 orbs of fire
  4 ancient liches
  2 juggernauts
  Parghit (Zot:4)
  A Killer Klown (Zot:5)
  Margery (Depths:4)
  3 caustic shrikes (Depths:2)
  A curse toe (Zot:1)
  Nikola (Vaults:2)
  4 golden dragons
  2 bone dragons
  An electric golem (Zot:5)
  22 tentacled monstrosities
  A Hell Sentinel (Zot:5)
  Jorgrun (Elf:2)
  Asterion (Spider:1)
  13 Orb Guardians (Zot:5)
  2 deep elf master archers (Elf:3)
  2 liches (Depths:2)
  11 quicksilver dragons
  7 titans
  2 deep elf blademasters (Elf:3)
  8 sphinxes
  7 death cobs
  11 storm dragons
  14 shadow dragons
  The ghost of jehirs the Tortoise, an adept FoFi of Ashenzari (Swamp:2)
  A thorn hunter (Swamp:2)
  7 tengu reavers
  Roxanne (Elf:1)
  7 draconian monks
  A revenant (Vaults:3)
  11 frost giants
  7 draconian scorchers
  4 draconian knights
  17 vault wardens
  A deep elf elementalist (Elf:3)
  2 emperor scorpions (Spider:4)
  Aizul (Spider:1)
  18 fire giants
  2 ghost moths
  7 deep elf sorcerers
  2 draconian shifters
  Louise (Elf:2)
  An orc warlord (Orc:2)
  3 spectral caustic shrikes (Depths:4)
  A draconian stormcaller (Zot:4)
  17 ironbound preservers
  A spriggan defender (D:15)
  2 war gargoyles (Vaults:2)
  A caustic shrike skeleton (Depths:2)
  A draconian annihilator (Zot:5)
  20 stone giants
  8 green draconians
  17 very ugly things
  7 broodmothers
  5 ironbound thunderhulks
  4 eleionomae
  7 purple draconians
  8 deep elf demonologists
  4 vampire knights
  6 red draconians
  Azrael (Elf:1)
  10 yellow draconians
  14 spark wasps
  5 black draconians
  11 white draconians
  6 deep elf annihilators
  10 dire elephants
  7 crystal guardians
  2 blizzard demons (IceCv)
  2 bunyips
  16 ettins
  Snorg (D:10)
  7 deep elf death magi
  8 fire dragons
  A shambling mangrove (Swamp:2)
  5 entropy weavers
  7 great orbs of eyes
  Josephine (Lair:4)
  15 yaktaur captains
  6 deep elf high priests
  Fannar (Lair:1)
  3 rakshasas
  4 hydras
  2 radroaches
  Harold (Lair:2)
  6 ice dragons
  29 vault guards
  5 ghost crabs
  4 ogre magi
  5 spriggan air magi
  9 boulder beetles
  9 centaur warriors
  5 peacekeepers
  A caustic shrike simulacrum (IceCv)
  A jorogumo (shapeshifter) (Elf:2)
  A catoblepas (Lair:4)
  A jorogumo (Spider:2)
  A two-headed ogre (shapeshifter) (Depths:3)
  A vampire mage (Depths:2)
  14 ironbound frosthearts
  7 alligators
  10 two-headed ogres
  22 dancing weapons
  6 tengu warriors
  Urug (Lair:1)
  6 death yaks (Lair:4)
  7 deep troll shamans
  4 deep troll earth magi
  The ghost of Enim the Thaumaturge, a journeyman DjFE of Hepliaklqana (Orc:1)
  5 spriggan berserkers
  2 orc high priests
  16 hell knights
  Nergalle (D:12)
  14 deep elf knights
  7 iron trolls
  2 sun moths
  A golden dragon zombie (Depths:3)
  A death drake (Swamp:4)
  7 pharaoh ants
  A goliath frog (Swamp:2)
  3 spriggan druids
  39 deep trolls
  2 flayed ghosts
  An obsidian statue (IceCv)
  5 swamp dragons
  7 steelbarb worms
  5 orb spiders
  17 deep elf archers
  6 wizards
  7 phantasmal warriors
  16 ironbound convokers
  11 spriggan simulacra (IceCv)
  2 spectral hydras (Swamp:4)
  A sphinx zombie (Depths:2)
  7 bog bodies
  6 harpies
  A sea snake (shapeshifter) (Depths:1)
  The ghost of choppaz the Destroyer, a novice OpCj of Vehumet (D:7)
  21 wolf spiders
  8 lindwurms
  2 orc knights
  36 deep elf pyromancers
  4 glowing orange brains
  A frost giant zombie (Depths:2)
  11 necromancers
  A human zombie (Vaults:2)
  39 ugly things
  23 deep elf zephyrmancers
  A stone giant zombie (Vaults:4)
  A tengu skeleton (Vaults:4)
  15 cyclopes
  3 manticores
  2 orc sorcerers
  A cyclops (shapeshifter) (Vaults:4)
  5 will-o-the-wisps
  2 moths of wrath (shapeshifter)
  5 black mambas
  An iron dragon skeleton (Depths:3)
  27 moths of wrath
  19 vault sentinels
  A guardian serpent (Lair:5)
  An elf zombie (Vaults:4)
  16 elephants
  A torpor snail (shapeshifter) (Depths:2)
  9 torpor snails
  14 cane toads
  An unseen horror (D:11)
  A molten gargoyle (Lair:1)
  A kobold demonologist (D:11)
  4 demonic crawlers
  5 freezing wraiths
  2 hellions (Zot:1)
  10 komodo dragons
  6 swamp worm zombies (Swamp:4)
  8 tengu conjurers
  42 yaktaurs
  2 golden dragon simulacra (IceCv)
  4 hydra zombies (Swamp:4)
  5 ice devils (IceCv)
  An anaconda simulacrum (IceCv)
  8 trolls
  A meliai (Spider:4)
  A bloated husk (Swamp:4)
  11 hornets
  8 tyrant leeches
  A slime creature (shapeshifter) (Depths:1)
  9 blink frogs
  An ettin zombie (Vaults:2)
  37 tarantellas
  2 alligator zombies (Swamp:4)
  An iron dragon simulacrum (Depths:2)
  34 slime creatures
  18 jumping spiders
  A jumping spider (shapeshifter) (D:7)
  5 spectral swamp dragons (Swamp:4)
  21 culicivoras
  3 air elementals (Elf:1)
  A culicivora (shapeshifter) (D:15)
  6 spriggans
  A shadow (D:10)
  14 wraiths
  A dire elephant simulacrum (IceCv)
  An ettin skeleton (Vaults:2)
  6 water elementals
  3 fire bats (Lair:4)
  2 vampires (D:12)
  17 wyverns
  63 yaks
  A redback (shapeshifter) (Vaults:2)
  8 fire elementals
  A hog (shapeshifter) (Vaults:4)
  Grum (Lair:1)
  4 steam dragons
  16 vampire mosquitoes
  A basilisk (D:11)
  7 wargs
  7 minotaur simulacra (IceCv)
  60 redbacks
  A harpy simulacrum (IceCv)
  21 water moccasins
  14 swamp worms
  3 acid dragons
  4 hell hounds
  Duvessa (D:7)
  A hydra simulacrum (IceCv)
  36 orc warriors
  A meliai simulacrum (D:15)
  8 ice beasts
  4 black bears
  6 swamp drakes
  4 sky beasts (D:7)
  3 swamp dragon zombies (Swamp:4)
  An ettin simulacrum (IceCv)
  14 ogres
  3 alligator simulacra (IceCv)
  2 wolves (Lair:1)
  11 boggarts (Vaults:1)
  18 centaurs
  An elephant zombie (Lair:3)
  7 phantoms
  A kobold brigand (D:7)
  19 bullfrogs
  A komodo dragon zombie (Lair:3)
  2 necrophages (D:4)
  4 earth elementals (Elf:2)
  4 scorpions
  12 deep troll simulacra (IceCv)
  A glowing shapeshifter simulacrum (Depths:3)
  An entropy weaver simulacrum (Vaults:2)
  Dowan (D:7)
  13 wights
  A lindwurm simulacrum (IceCv)
  6 electric eels
  3 howler monkeys (D:7)
  A crimson imp (Orc:2)
  A basilisk zombie (Lair:3)
  16 orc priests
  4 hounds
  3 jellies
  A gnoll bouda (D:7)
  An iron imp (Orc:2)
  34 orc wizards
  Terence (D:3)
  7 iguanas
  3 gnolls (D:2)
  3 adders
  A swamp drake zombie (Swamp:4)
  2 shadow imps
  6 white imps
  3 ufetubi
  3 worms
  2 dart slugs (D:4)
  104 orcs
  3 ball pythons
  6 endoplasms
  A giant cockroach (D:1)
  7 goblins
  4 hobgoblins
  4 jackals
  4 kobolds
  7 quokkas
  5 bats
  3 frilled lizards
  6 rats
  A fungus (Lair:5)
2053 creatures vanquished.

Vanquished Creatures (collateral kills)
  5 vault guards (Vaults:5)
  A two-headed ogre (Vaults:5)
  A dancing weapon (Vaults:5)
  A phantasmal warrior (Vaults:5)
  A vault sentinel (Vaults:5)
9 creatures vanquished.

Vanquished Creatures (others)
  An ironbound preserver (Vaults:2)
  An eleionoma (Swamp:3)
  A vampire knight (Depths:1)
  A deep elf knight (Elf:2)
  A wizard (Vaults:2)
  A deep elf pyromancer (Elf:2)
  A slime creature (Vaults:3)
  A yaktaur (Vaults:5)
  3 bloated husks
  A shadow (D:12)
  A basilisk (D:11)
  2 vampire mosquitoes (Swamp:3)
  A human (D:4)
  2 phantoms (Swamp:4)
  A bush (Lair:4)
  26 foxfires
  43 fungi
  80 plants
168 creatures vanquished.

Grand Total: 2230 creatures vanquished

Notes
Turn   | Place    | Note
-------+----------+-------------------------------------------
     0 | D:1      | Aqq the Minotaur Fighter began the quest for the Orb.
     0 | D:1      | Reached XP level 1. HP: 19/19 MP: 0/0
   306 | D:1      | Reached XP level 2. HP: 27/27 MP: 1/1
   423 | D:1      | Found a faded altar of an unknown god.
   909 | D:2      | Found Noxkakoe's Antique Weapon Boutique.
  1008 | D:2      | Reached XP level 3. HP: 24/33 MP: 2/2
  1440 | D:2      | Reached XP level 4. HP: 27/40 MP: 3/3
  1615 | D:3      | Found Roc Vapi's Distillery.
  1623 | D:3      | Bought a potion of berserk rage for 60 gold pieces
  1623 | D:3      | Bought a potion of attraction for 36 gold pieces
  1645 | D:3      | Noticed Terence
  1652 | D:3      | Killed Terence
  1653 | D:3      | Reached skill level 1 in Dodging
  1924 | D:3      | Reached XP level 5. HP: 33/47 MP: 4/4
  2182 | D:4      | Found a staircase to the Ecumenical Temple.
  2198 | D:4      | Reached skill level 5 in Armour
  2208 | Temple   | Entered the Ecumenical Temple
  2529 | D:5      | Entered Level 5 of the Dungeon
  2581 | D:4      | Found an ancient bone altar of Kikubaaqudgha.
  2584 | D:4      | Noticed a human
  2587 | D:4      | Killed a human
  2638 | D:4      | Reached XP level 6. HP: 52/53 MP: 5/5
  2683 | D:4      | Reached skill level 5 in Axes
  3131 | D:4      | Reached XP level 7. HP: 55/60 MP: 6/6
  3142 | D:4      | Reached skill level 5 in Shields
  3428 | D:4      | Reached skill level 5 in Fighting
  3534 | D:5      | Noticed a steam dragon
  3544 | D:5      | Killed a steam dragon
  3776 | D:5      | Reached XP level 8. HP: 54/69 MP: 7/7
  4155 | D:5      | Found Sois's Antique Armour Emporium.
  4163 | D:5      | Bought a pair of runed boots for 180 gold pieces
  4585 | D:6      | Found a shimmering blue altar of Sif Muna.
  5371 | D:7      | Reached XP level 9. HP: 78/78 MP: 8/8
  5379 | D:7      | Found a runed translucent door.
  5379 | D:7      | Noticed choppaz's ghost (novice OpCj)
  5417 | D:7      | Reached skill level 10 in Axes
  5855 | D:7      | Found a hide-covered altar of Uskayaw.
  5866 | D:7      | Became a worshipper of Uskayaw the Reveller
  5870 | D:7      | Found an opulent altar of Gozag.
  5876 | D:7      | Found a sparkling altar of Nemelex Xobeh.
  5923 | D:7      | Reached * piety under Uskayaw
  5930 | D:7      | Reached ** piety under Uskayaw
  5946 | D:7      | Reached *** piety under Uskayaw
  5947 | D:7      | Reached skill level 5 in Dodging
  5952 | D:7      | Reached **** piety under Uskayaw
  5957 | D:7      | Reached ***** piety under Uskayaw
  6182 | D:7      | Reached XP level 10. HP: 83/88 MP: 9/9
  6279 | D:7      | Noticed a cyclops
  6301 | D:7      | Noticed a swamp dragon
  6488 | D:7      | a swamp dragon changed into a fire crab
  6488 | D:7      | Noticed a fire crab (shapeshifter)
  6538 | D:6      | Killed a cyclops
  7210 | D:7      | Noticed a boulder beetle
  7222 | D:7      | Killed a boulder beetle
  7465 | D:7      | Noticed Duvessa
  7465 | D:7      | Noticed Dowan
  7472 | D:7      | Killed Duvessa
  7478 | D:7      | Killed Dowan
  7642 | D:7      | Killed choppaz's ghost
  7643 | D:7      | Reached XP level 11. HP: 65/97 MP: 10/10
  8141 | D:8      | Noticed a deep elf pyromancer
  8155 | D:8      | Killed a deep elf pyromancer
  8923 | D:9      | Reached skill level 10 in Fighting
  9525 | D:10     | Entered Level 10 of the Dungeon
  9586 | D:10     | Noticed Snorg
  9599 | D:10     | Killed Snorg
  9766 | D:10     | Reached skill level 10 in Armour
  9770 | D:10     | Reached ****** piety under Uskayaw
 10142 | D:10     | Found a staircase to the Orcish Mines.
 10160 | D:10     | Reached skill level 15 in Axes
 10467 | Orc:1    | Entered Level 1 of the Orcish Mines
 10759 | Orc:1    | Reached XP level 12. HP: 101/110 MP: 11/11
 10910 | Orc:1    | Noticed an orc high priest
 10915 | Orc:1    | Killed an orc high priest
 11012 | Orc:1    | Found a runed translucent gate.
 11012 | Orc:1    | Found a runed translucent gate.
 11013 | Orc:1    | Found a runed translucent gate.
 11016 | Orc:1    | Noticed Enim's ghost (journeyman DjFE)
 11294 | Orc:1    | Killed Enim's ghost
 11382 | Orc:2    | Entered Level 2 of the Orcish Mines
 11426 | Orc:2    | Found Potwi's Antique Armour Boutique.
 11426 | Orc:2    | Noticed an ettin
 11432 | Orc:2    | Killed an ettin
 11537 | Orc:2    | Noticed an ettin
 11548 | Orc:2    | Killed an ettin
 11686 | Orc:2    | Found Jeutoe's General Store.
 11808 | Orc:2    | Bought a potion of degeneration for 15 gold pieces
 11831 | Orc:2    | Found a staircase to the Elven Halls.
 11857 | Orc:2    | Noticed an orc warlord
 12055 | Orc:2    | Noticed an ettin
 12055 | Orc:2    | Found Imuam's Book Shoppe.
 12065 | Orc:2    | Killed an ettin
 12227 | Orc:2    | Noticed a stone giant
 12238 | Orc:2    | Killed a stone giant
 12428 | Orc:2    | Killed an orc warlord
 12444 | Orc:2    | Found Plog's Antique Weapon Emporium.
 12522 | Orc:2    | Reached XP level 13. HP: 98/119 MP: 12/12
 12626 | Orc:2    | Identified the +0 hat "Namom" {rC+ MP+9}
 12626 | Orc:2    | Identified the +1 hat of Conscience {+Blink Will+++ Regen+
                  | Int-4}
 13496 | D:11     | Found a burning altar of Makhleb.
 13496 | D:11     | Noticed a blizzard demon
 13691 | D:11     | Found a staircase to the Lair.
 14083 | Lair:1   | Entered Level 1 of the Lair of Beasts
 14084 | Lair:1   | Noticed Urug
 14094 | Lair:1   | Paralysed by Urug for 2 turns
 14097 | Lair:1   | Killed Urug
 14408 | Lair:1   | Noticed Fannar
 14424 | Lair:1   | Killed Fannar
 14602 | Lair:1   | Noticed Grum
 14610 | Lair:1   | Killed Grum
 15592 | Lair:2   | Noticed Harold
 15603 | Lair:2   | Killed Harold
 15671 | Lair:2   | Found a hole to the Spider Nest.
 15697 | Lair:2   | Found a hazy altar of Hepliaklqana.
 16184 | Lair:3   | Found a staircase to the Swamp.
 16582 | Lair:3   | Reached XP level 14. HP: 117/132 MP: 13/13
 17071 | Lair:4   | Noticed Josephine
 17147 | Lair:4   | Found a dark tunnel.
 17157 | Volcano  | Entered a volcano
 17931 | Lair:4   | Reached skill level 15 in Fighting
 18065 | Lair:4   | Killed Josephine
 18335 | Lair:5   | Entered Level 5 of the Lair of Beasts
 18374 | Lair:5   | Found the +3 pair of mountain boots {steadfast, rC+}
 18379 | Lair:5   | Identified the +1 helmet "Wiussili" {*Slow rF+ rN++}
 18589 | Lair:5   | Reached skill level 1 in Maces & Flails
 18819 | Lair:5   | Identified the +10 war axe of Immorality {flame, Str+9}
 18939 | Lair:5   | Found a viscous altar of Jiyva.
 18939 | Lair:5   | Found a staircase to the Slime Pits.
 19113 | Lair:5   | Reached XP level 15. HP: 145/145 MP: 14/14
 19767 | D:12     | Noticed Nergalle
 19773 | D:12     | Killed Nergalle
 19776 | D:12     | Identified a scroll of acquirement
 19786 | D:11     | Acquired a manual of Maces & Flails
 20201 | D:12     | Reached skill level 5 in Maces & Flails
 22094 | D:14     | Reached skill level 15 in Armour
 22096 | D:14     | Found a gate to the Vaults.
 22510 | D:15     | Entered Level 15 of the Dungeon
 22805 | D:15     | Found a staircase to the Depths.
 22805 | D:15     | Noticed a fire giant
 22814 | D:15     | Killed a fire giant
 22933 | D:15     | Found a broken altar of Ashenzari.
 23021 | D:15     | Found an iron altar of Okawaru.
 23328 | Depths:1 | Entered Level 1 of the Depths
 23342 | Depths:1 | Reached XP level 16. HP: 153/160 MP: 15/15
 23431 | Depths:1 | Found a corrupted altar of Lugonu.
 23431 | Depths:1 | Found a one-way gate to the infinite horrors of the Abyss.
 23459 | Depths:1 | Reached skill level 1 in Invocations
 23744 | Spider:1 | Entered Level 1 of the Spider Nest
 24065 | Spider:1 | Reached skill level 10 in Maces & Flails
 24343 | Spider:1 | Noticed Aizul
 24355 | Spider:1 | Killed Aizul
 24501 | Spider:1 | Noticed Asterion
 24514 | Spider:1 | Killed Asterion
 25308 | Spider:2 | Found a frozen archway.
 25317 | IceCv    | Entered an ice cave
 25924 | IceCv    | Identified the +7 plate armour "Maniobac" {rN+ Stlth+}
 25926 | IceCv    | Identified the ring of the Enemy {rC+ Will+}
 26696 | Spider:2 | Acquired the +2 pair of boots of Fashionability {rElec
                  | rPois rF- Str+5}
 27182 | Spider:3 | Reached XP level 17. HP: 159/169 MP: 19/19
 27605 | Spider:3 | Identified the +3 short sword of Ahidy {antimagic, rCorr
                  | Int+2}
 28264 | Swamp:1  | Entered Level 1 of the Swamp
 28277 | Swamp:1  | Reached skill level 5 in Invocations
 29454 | Swamp:2  | Found a runed translucent door.
 29455 | Swamp:2  | Found a shimmering altar of Xom.
 29455 | Swamp:2  | Noticed jehirs's ghost (adept FoFi)
 29491 | Swamp:2  | Killed jehirs's ghost
 29916 | Swamp:3  | Identified the +4 ring mail "Gesoefe" {rN+ Dex+4 Slay-6}
 30221 | Swamp:4  | Entered Level 4 of the Swamp
 30350 | Swamp:4  | Noticed a bone dragon
 30356 | Swamp:4  | Killed a bone dragon
 30358 | Swamp:4  | Got a decaying rune of Zot
 31052 | Elf:1    | Entered Level 1 of the Elven Halls
 31117 | Elf:1    | Paralysed by an air elemental for 1 turns
 31122 | Elf:1    | Reached XP level 18. HP: 183/184 MP: 21/21
 31479 | Elf:1    | Identified Roxanne's Compendium of Silt
 31479 | Elf:1    | Noticed Roxanne
 31552 | Elf:1    | Paralysed by an air elemental for 1 turns
 31557 | Elf:1    | Paralysed by an air elemental for 1 turns
 31979 | Elf:1    | Noticed Azrael
 31986 | Elf:1    | Killed Azrael
 32044 | Elf:1    | Killed Roxanne
 32175 | Elf:2    | Reached skill level 15 in Maces & Flails
 32452 | Elf:2    | Found a runed translucent gate.
 32453 | Elf:2    | Found a runed translucent gate.
 32453 | Elf:2    | Found a runed translucent gate.
 32485 | Elf:2    | Found Zamuchyrr's Antique Armour Shoppe.
 32555 | Elf:2    | Noticed Jorgrun
 32562 | Elf:2    | Killed Jorgrun
 32672 | Elf:2    | Noticed Louise
 32677 | Elf:2    | Killed Louise
 33179 | Elf:3    | Entered Level 3 of the Elven Halls
 33186 | Elf:3    | Found a radiant altar of Vehumet.
 33196 | Elf:2    | Found a shimmering blue altar of Sif Muna.
 33535 | Elf:3    | Noticed a Tzitzimitl
 33566 | Elf:3    | Reached XP level 19. HP: 52/189 MP: 24/24
 34042 | Elf:3    | Identified the ring "Zukauppa" {Fly rC+ rN+}
 34043 | Elf:3    | Identified the +7 mace of Gijunt {speed, rC+ Dex+2}
 34127 | Elf:3    | Identified the +1 rapier of Evil {flame, rF+ Will++ rCorr
                  | Str+3}
 34128 | Elf:3    | Identified the ring of Wishful Thinking {rC+ rN+ Int+4}
 34243 | Elf:3    | Identified the +9 broad axe "Spiderbane" {vorpal, *Corrode
                  | rPois rF++ Stlth+}
 34250 | Elf:3    | Identified the +6 quarterstaff of the Black Skies {vorpal,
                  | Stlth+}
 34336 | Elf:3    | Identified the +4 quarterstaff of Zioteed {vamp, rCorr}
 34342 | Elf:3    | Got the Almanac of Quantum Summoning
 34348 | Elf:3    | Found the +9 heavy crossbow "Sniper" {vorpal, Acc+∞ SInv}
 34775 | Spider:4 | Entered Level 4 of the Spider Nest
 35048 | Spider:4 | Reached skill level 10 in Invocations
 35387 | Spider:4 | Identified the +2 pair of gloves "Jubeech" {*Slow rF+
                  | Stlth+}
 35405 | Spider:4 | Got a gossamer rune of Zot
 35427 | Spider:4 | Upgraded the game from 0.30-a0-374-g95c0257040 to
                  | 0.30-a0-377-g5cb311bc9f
 35821 | Vaults:1 | Entered Level 1 of the Vaults
 36017 | Vaults:1 | Reached skill level 1 in Evocations
 36763 | Vaults:1 | Found a portal to a secret trove of treasure.
 36882 | Vaults:1 | Reached XP level 20. HP: 207/207 MP: 26/26
 37351 | Vaults:2 | Found Jiocano's Weapon Emporium.
 37541 | Vaults:2 | Noticed Nikola
 37566 | Vaults:2 | Killed Nikola
 37656 | Vaults:1 | Acquired a manual of Polearms
 37704 | Vaults:2 | Reached skill level 1 in Polearms
 37774 | Vaults:2 | Found a transporter.
 37781 | Vaults:2 | Noticed Wenn's ghost (veteran SpEn)
 37821 | Vaults:2 | Found a transporter.
 39037 | Vaults:3 | Reached skill level 5 in Polearms
 39700 | Vaults:3 | Found a staircase to the Crypt.
 39904 | Vaults:4 | Reached skill level 5 in Evocations
 39924 | Vaults:4 | Reached XP level 21. HP: 205/218 MP: 24/29
 39943 | Vaults:4 | Noticed a golden dragon
 41512 | Depths:1 | Noticed a juggernaut
 41526 | Depths:1 | Killed a juggernaut
 41863 | Depths:1 | Found a glowing golden altar of the Shining One.
 41919 | Depths:1 | Found a gateway to Hell.
 42670 | Depths:2 | Found a one-way gate leading to the halls of Pandemonium.
 43020 | Depths:2 | Reached skill level 10 in Polearms
 43409 | Depths:2 | Reached XP level 22. HP: 232/232 MP: 30/30
 43537 | Depths:2 | Reached skill level 27 in Fighting
 43555 | Depths:2 | Noticed a juggernaut
 43556 | Depths:2 | Killed a juggernaut
 43556 | Depths:2 | Noticed a caustic shrike
 43557 | Depths:2 | Noticed a caustic shrike
 43558 | Depths:2 | Noticed a caustic shrike
 43567 | Depths:2 | Killed a caustic shrike
 43568 | Depths:2 | Killed a caustic shrike
 43573 | Depths:2 | Killed a caustic shrike
 43679 | Depths:2 | Identified the +5 shortbow "Cerinexio" {elec, Stlth+}
 44575 | Depths:3 | Noticed an ancient lich
 44580 | Depths:3 | Killed an ancient lich
 44581 | Depths:3 | Reached skill level 10 in Dodging
 44652 | Depths:4 | Entered Level 4 of the Depths
 44690 | Depths:4 | Noticed Margery
 44698 | Depths:4 | Killed Margery
 44883 | Depths:4 | Found an opulent altar of Gozag.
 45234 | Depths:4 | Found a one-way gateway to a ziggurat.
 45388 | Depths:4 | Found a transporter.
 45411 | Depths:4 | Found a transporter.
 45414 | Depths:4 | Noticed borntocrawl's ghost (veteran DgNe)
 45418 | Depths:4 | Noticed an ancient lich
 45453 | Depths:4 | Identified the +7 great sword "Lixar" {drain, rPois}
 45698 | Depths:4 | Reached skill level 15 in Invocations
 45708 | Depths:4 | Reached XP level 23. HP: 230/240 MP: 33/33
 45726 | Depths:4 | Found a gate to the Realm of Zot.
 46127 | Vaults:5 | Entered Level 5 of the Vaults
 46139 | Vaults:5 | Reached skill level 1 in Ranged Weapons
 46395 | Vaults:4 | Reached skill level 15 in Polearms
 46809 | Vaults:5 | Identified the ring "Nuveharan" {MP+9 Int+3 Dex-4}
 47514 | Vaults:5 | Identified the +10 eveningstar "Zijikosa" {vorpal, Fly
                  | Stlth+}
 47525 | Vaults:5 | Identified the amulet "Ytixoawn" {Spirit +Blink Will+}
 48016 | Vaults:5 | Identified the +5 crystal plate armour "Lozale" {-Cast
                  | rPois Dex+7 Stlth+}
 48033 | Vaults:5 | Identified the +9 rapier of Symmetry {vorpal, rPois rC++}
 48180 | Vaults:5 | Identified the ring "Qowouprust" {Contam rPois rC+ Str+4
                  | Slay+4}
 48446 | Vaults:5 | Got a silver rune of Zot
 48463 | Vaults:5 | Reached skill level 5 in Ranged Weapons
 48874 | Zot:1    | Entered Level 1 of the Realm of Zot
 48944 | Zot:1    | Reached XP level 24. HP: 149/238 MP: 34/34
 49448 | Zot:1    | Reached skill level 10 in Evocations
 49488 | Zot:1    | Noticed an orb of fire
 49491 | Zot:1    | Gained mutation: You are dopey. (Int -2) [an orb of fire]
 49494 | Zot:1    | Gained mutation: You do not regenerate when monsters are
                  | visible. [an orb of fire]
 49498 | Zot:1    | Killed an orb of fire
 50174 | Zot:2    | Noticed an orb of fire
 50183 | Zot:2    | Killed an orb of fire
 52142 | Zot:4    | Noticed Parghit
 52152 | Zot:4    | Killed Parghit
 52678 | Zot:5    | Entered Level 5 of the Realm of Zot
 52795 | Zot:5    | Reached skill level 27 in Armour
 52798 | Zot:5    | Identified the +6 flail of Gin and Tonic {freeze, Int+6
                  | Dex-4}
 53026 | Zot:5    | Noticed a dread lich
 53043 | Zot:5    | Killed a dread lich
 53081 | Zot:5    | Reached XP level 25. HP: 226/257 MP: 34/34
 53119 | Zot:5    | Noticed an ancient lich
 53143 | Zot:5    | Killed an ancient lich
 53544 | Zot:5    | Noticed an ancient lich
 53550 | Zot:5    | Killed an ancient lich
 53649 | Zot:5    | Noticed a Killer Klown
 53652 | Zot:5    | Noticed an orb of fire
 53657 | Zot:5    | Gained mutation: You are vulnerable to heat. (rF-) [an orb
                  | of fire]
 53660 | Zot:5    | Killed an orb of fire
 53661 | Zot:5    | Reached skill level 10 in Ranged Weapons
 53665 | Zot:5    | Noticed an orb of fire
 53673 | Zot:5    | Killed an orb of fire
 53871 | Zot:5    | Killed a Killer Klown
 54133 | Zot:5    | Noticed an ancient lich
 54148 | Zot:5    | Killed an ancient lich
 54163 | Zot:5    | Noticed an orb of fire
 54167 | Zot:5    | Gained mutation: Your body sometimes deteriorates upon
                  | taking damage. [an orb of fire]
 54169 | Zot:5    | Gained mutation: You occasionally lose the ability to drink
                  | potions when taking damage. [an orb of fire]
 54177 | Zot:5    | Killed from afar by an orb of fire

Illustrated notes

Levels and vault maps discovered:
D:1:      heliophobic_arrival_dark_side_of_the_moon, layout_rooms,
          dilly_ecumenical_altar_fadedgnrine, dk_noncrumbling_2
D:2:      layout_loops_corners, serial_shops, nicolae_shop_crystal
D:3:      layout_rooms, serial_shops, shop, uniq_terence
D:4:      minmay_polygon_palace, layout_loops_ring, tgw_kikubaaqudgha,
          minmay_temple_entry_statues_fountains, minmay_misc_feat_hallway,
          minmay_misc_feat_more_columns
D:5:      layout_basic, serial_shops, shop
D:6:      layout_loops_ring, mainiacjoe_overflow_surrounded_room
D:7:      nzn_winding_woodlands_stair_cross [nzn_winding_woodlands_5x15_pool,
          nzn_winding_woodlands_center_garden,
          nzn_winding_woodlands_5x15_lazy_stream,
          nzn_winding_woodlands_5x5_checkerboard,
          nzn_winding_woodlands_5x5_default, nzn_winding_woodlands_5x15_garden,
          nzn_winding_woodlands_center_pierced_h,
          nzn_winding_woodlands_5x15_eye], layout_basic,
          minmay_overflow_temple_star_quad, hellmonk_ghost_happy_afterlife,
          st_stairs_10, minmay_alternating_orb, uniq_duvessa
D:8:      layout_gridville, guppyfry_early_elven_hall
D:9:      layout_grid_maze
D:10:     layout_cave_pools, david_orc_1_choice, uniq_snorg
D:11:     layout_loops_cross, erik_lair_dragon, makhleb_altar_promises_db
D:12:     minmay_bloctagon, layout_small_grid, nicolae_wwwww, uniq_nergalle
D:13:     layout_basic, minivault_19, kennysheep_generic_room_2
D:14:     layout_rooms, david_vaults_2
D:15:     grunt_enter_depths_giant_problem, layout_basic,
          nicolae_ashenzari_skybound, kennysheep_okawaru_gauntlet
Temple:   bh_familiar_temple
Lair:1:   layout_regular_city, amcnicky_mini_pool_medium, grunt_megastairs_4,
          uniq_fannar, uniq_urug, uniq_grum
Lair:2:   layout_concentric_octagons, spider_nest_entry_a, basic_altar,
          lemuel_fruit_tree, uniq_harold
Lair:3:   pond_and_an_island_with_a_cottage, layout_chaotic_city,
          minmay_swamp_entry_swarm, chequers_serial_rivers_micro_e,
          infiniplex_staircase_pool_2
Lair:4:   layout_gridlike, nicolae_volcano_entry_batcave, st_stairs_10,
          chequers_serial_rivers_micro_b, nicolae_lair_grazing_beasts
          [nicolae_sub_lair_graze_edge, nicolae_sub_lair_graze_edge,
          nicolae_sub_lair_graze_edge, nicolae_sub_lair_graze_edge],
          serial_bayou_shore_a, uniq_josephine
Lair:5:   hangedman_lair_tendril_chambers, layout_small_grid, slime_entry_1
Swamp:1:  layout_falls_marsh, nicolae_swamp_oxbows, nicolae_swamp_tree_designs
Swamp:2:  layout_basic_swamp, ebering_ghost_xom, nicolae_swamp_trees_clearing,
          swamp_pool5
Swamp:3:  layout_basic_swamp, nicolae_swamp_round_clearing
Swamp:4:  swamp_pestilence, layout_basic_swamp
Spider:1: layout_chambers, uniq_aizul, uniq_asterion
Spider:2: layout_chambers, portal_ice_cave_entry_pillars_2
Spider:3: layout_spider_delve
Spider:4: hellmonk_spider_rune_endless_swarm
Orc:1:    layout_caves, gammafunk_ghost_split, nicolae_orc_rich_vein
Orc:2:    grunt_orc_gardens, layout_caves, grunt_orc_garden, grunt_orc_garden,
          grunt_orc_garden, grunt_orc_garden, hangedman_minor_magic
Elf:1:    layout_geoelf_diagonals, minmay_elf_crystal_hexagon, uniq_roxanne,
          uniq_azrael
Elf:2:    nicolae_elf_blades_crystal_corner, layout_loops_cross, serial_shops,
          shop, lemuel_upstairs_altar, uniq_jorgrun, uniq_louise
Elf:3:    grunt_elf_hall_asides, layout_geoelf_grid, basic_altar
Vaults:1: v_alt_pattern_5, ontoclasm_vaults_spin, dpeg_vaults_hating_casters,
          ontoclasm_vaults_hangar, ontoclasm_vaults_chip,
          ontoclasm_vaults_twist, v_misc_13, hangedman_vaults_maws,
          hangedman_vaults_corner, layout_vaults_omnigrid, enter_trove_0
Vaults:2: gammafunk_ghost_abyssal_escape, dpeg_vaults_waves, v_alt_pattern_1,
          vaults_room_fancy_cross, v_misc_19, v_misc_17,
          nicolae_vaults_little_squares_4, v_misc_11, vaults_dpeg_diagonal,
          dpeg_vaults_monster_box, ontoclasm_vaults_ligature,
          layout_vaults_omnicross, serial_shops, shop, uniq_nikola
Vaults:3: vaults_room_grid, v_rooms_4, v_misc_1, grunt_vaults_hallway_short,
          nicolae_vaults_windows_and_doors_thing,
          minmay_crypt_entry_simple_plaza, v_misc_28,
          nicolae_vaults_back_hallway, grunt_vaults_focal, v_misc_12,
          nicolae_vaults_alarming, vaults_room_grid, layout_vaults_big_room
Vaults:4: grunt_vaults_twisty, v_misc_1, st_cross,
          nicolae_vaults_network_barrier, nicolae_vaults_yaktaur_gun_rack,
          hangedman_vaults_locks, vaults_mumra_chevron_long,
          nicolae_vaults_specimen_jars, ontoclasm_vaults_loading_screen,
          nicolae_vaults_gold_heap, vaults_room_fours, layout_vaults_ring
Vaults:5
Depths:1: minmay_concentric_multi, layout_cave_pools, minmay_misc_feat_encased,
          hell_entry, abyss_entry_flame_altar, tso_oasis_becter
Depths:2: grunt_runaround [grunt_runaround_doors_1, grunt_runaround_doors_2,
          grunt_runaround_doors_3, grunt_runaround_doors_4,
          grunt_runaround_loot], hell_entry, pan_entry
Depths:3: minmay_octo_star, layout_cave_pools, abyss_entry,
          hangedman_geh_valley, hangedman_abyss_or_decor_jellyfish_corner
Depths:4: grunt_zot_entry_tricorne, layout_honeycomb, enter_ziggurat_f,
          gammafunk_ghost_mausoleum, hangedman_decor_riveting,
          pf_hell_entry_tar_river, grunt_gozag_statues, serial_bayou_shore_b,
          uniq_margery
Zot:1:    layout_twisted_circle, hangedman_hellfire_club
Zot:2:    layout_gridlike
Zot:3:    layout_onion, hangedman_zot_decor_tridents
Zot:4:    layout_basic, uniq_parghit
Zot:5:    layout_misc_corridors

Skill      XL: |  1  2  3  4  5  6  7  8  9 10 11 12 13 14 15 16 17 18 19 20 21 22 23 24 25 |
---------------+----------------------------------------------------------------------------+-----
Armour         | 4 5 6 8 9 10 11 12 13 15 16 17 19 21 23 24 25 27 | 27.0
Fighting       | 4 5 6 8 9 11 12 14 16 19 20 21 23 24 25 26 27 | 27.0
Shields        | 4 5 6 8 9 |  9.0
Axes           | 3 4 5 7 9 11 12 15 17 20 21 22 23 25 26 | 26.6
Dodging        | 1 2 3 5 6 7 8 9 10 11 | 11.6
Maces & Flails | 3 9 12 14 16 17 18 | 18.0
Invocations    | 4 6 9 10 12 15 16 | 16.0
Evocations     | 2 5 6 8 9 10 | 10.0
Polearms       | 6 10 13 15 | 15.8
Ranged Weapons | 5 9 10 | 10.8
Short Blades   | |  0.7
Long Blades    | |  0.2
Throwing       | |  0.2
Spellcasting   | |  0.1
Conjurations   | |  0.2
Hexes          | |  0.1
Summonings     | |  0.1
Necromancy     | |  0.1
Translocations | |  0.1
Transmutations | |  0.3
Earth Magic    | |  0.1
Poison Magic   | |  0.3

Action                   |  1- 3 |  4- 6 |  7- 9 | 10-12 | 13-15 | 16-18 | 19-21 | 22-24 | 25-27 || total
-------------------------+-------+-------+-------+-------+-------+-------+-------+-------+-------++-------
Melee: War axe           |    57 |    21 |       |       |     7 |   505 |    68 |       |       ||   658
       Headbutt          |     4 |    15 |    46 |    86 |   147 |   235 |   271 |   303 |    43 ||  1150
       Hand axe          |       |    94 |   280 |   176 |       |       |       |       |       ||   550
       Battleaxe         |       |       |       |   276 |   759 |   547 |   941 |   980 |   107 ||  3610
 Fire: Heavy crossbow    |       |       |       |       |       |       |       |     3 |    28 ||    31
Invok: Line Pass         |       |       |       |       |       |     1 |     8 |     5 |       ||    14
       Grand Finale      |       |       |       |       |       |     1 |     1 |     4 |       ||     6
  Use: Potion            |       |     1 |     1 |     2 |       |     3 |     3 |     1 |       ||    11
       Scroll            |       |       |     5 |    13 |    20 |     5 |     5 |     6 |       ||    54
 Stab: Paralysed         |       |       |     4 |    44 |    82 |   104 |   185 |   158 |    12 ||   589
       Confused          |       |       |       |       |     1 |       |     3 |     2 |       ||     6
       Petrified         |       |       |       |       |     4 |       |       |       |       ||     4
       Distracted        |       |       |       |       |       |       |       |     1 |       ||     1
Armor: Scale mail        |    24 |     1 |       |       |       |       |       |       |       ||    25
       Ring mail         |       |    36 |    92 |    40 |       |       |       |       |       ||   168
       Crystal plate arm |       |       |       |   219 |   438 |   628 |   633 |   842 |    56 ||  2816
Dodge: Dodged            |    25 |    70 |   126 |   204 |   288 |   395 |   335 |   465 |    35 ||  1943
Block: Buckler           |    19 |    23 |    47 |    43 |       |       |       |       |       ||   132
       Kite shield       |       |       |       |       |       |   244 |    43 |       |       ||   287
       Reflection        |       |       |       |       |       |    36 |    26 |    19 |       ||    81
       Other             |       |       |       |       |       |       |   175 |   178 |     9 ||   362

Table legend: (Time is in decaauts)
 A = Elapsed time spent in this place.
 B = Non-inter-level travel time spent in this place.
 C = Inter-level travel time spent in this place.
 D = Time resting spent in this place.
 E = Time spent auto-exploring this place.
 F = Levels seen in this place.
 G = Mean time per level.
                   A        B        C        D        E       F      G
               +--------+--------+--------+--------+--------+-----+--------+
         Total |  53520 |  48357 |   5163 |   9318 |  14676 |  50 | 1070.4 |
       Dungeon |  15912 |  14429 |   1483 |   3038 |   6829 |  15 | 1060.8 |
        Temple |    206 |    182 |     24 |      0 |    167 |   1 |  206.0 |
          Lair |   5252 |   4593 |    659 |    980 |   1824 |   5 | 1050.4 |
         Swamp |   2670 |   2468 |    202 |    211 |   1304 |   4 |  667.5 |
   Spider Nest |   4646 |   4261 |    385 |    371 |   1881 |   4 | 1161.5 |
  Orcish Mines |   2933 |   2661 |    272 |    854 |    957 |   2 | 1466.5 |
   Elven Halls |   3379 |   3042 |    337 |    525 |    380 |   3 | 1126.3 |
        Vaults |   7847 |   7028 |    819 |   1282 |   1116 |   5 | 1569.4 |
        Depths |   4420 |   3707 |    713 |    695 |     16 |   4 | 1105.0 |
           Zot |   5210 |   4943 |    267 |   1048 |    200 |   5 | 1042.0 |
      Ice Cave |    666 |    666 |      0 |    137 |      0 |   1 |  666.0 |
       Volcano |    373 |    373 |      0 |    176 |      0 |   1 |  373.0 |
               +--------+--------+--------+--------+--------+-----+--------+

Top non-repeatable levels by time:
Vaults:4: 2369 daAuts
     D:7: 1884 daAuts
   Orc:2: 1855 daAuts
Vaults:1: 1683 daAuts
Spider:1: 1588 daAuts
Vaults:2: 1434 daAuts
   Zot:5: 1416 daAuts
    D:11: 1334 daAuts
     D:6: 1311 daAuts
Depths:2: 1274 daAuts
Vaults:5: 1263 daAuts
Spider:2: 1252 daAuts
     D:4: 1201 daAuts
    D:15: 1191 daAuts
   Elf:3: 1169 daAuts
